 Dungeon Sprint DCSS version 0.26-a0-658-gbdda728c12 (webtiles) character file.

Game seed: 14126256157386942086

105871 sahdkjhfkaj the Dwarven Blade (level 15, -16/160 (164) HPs)
             Began as a Deep Dwarf Monk on Oct 4, 2020.
             Was the Champion of Makhleb.
             Killed from afar by Exiewkoomn the pandemonium lord (67 damage)
             ... with a bolt of cold
             ... in the Dungeon (Sprint V: "Ziggurat Sprint").
             The game lasted 00:06:10 (1487 turns).

sahdkjhfkaj the Dwarven Blade (Deep Dwarf Monk)     Turns: 1487, Time: 00:06:11

HP:   -16/160 (164) AC: 35    Str: 33    XL:     15   Next: 95%
MP:   0/15          EV: 17    Int: 11    God:    Makhleb [******]
Gold: 0             SH: 33    Dex: 15    Spells: 14/14 levels left

rFire    . . .     SeeInvis .   b - +7 Screaming Sword {vorpal, sonic wave}
rCold    . . .     Faith    .   G - +18 shield of the Gong {rElec rN+ MR+ EV-5}
rNeg     + + .     Spirit   +   F - +15 Maxwell's patent armour {-Cast -Tele rElec MR+ rCorr}
rPois    .         Reflect  .   H - +1 hat
rElec    +         Harm     .   (no cloak)
rCorr    +         Rampage  .   (no gloves)
MR       ++++.     NoTele   +   (no boots) Stlth ..........NoCast +
                                L - amulet of guardian spirit
HPRegen  0.00/turn              A - +6 ring of strength
MPRegen  0.14/turn              z - +6 ring of strength

@: mighty, lethally poisoned (-16 -> -79), non-regenerating, badly diseased,
hasted and slowed, silenced, lightly drained
A: damage resistance, heal wounds, negative energy resistance 1, sense
surroundings 2, no regeneration
a: Heal Wounds, Renounce Religion


You were in the Dungeon.
You worshipped Makhleb.
Makhleb was exalted by your worship.
You visited 1 branch

Inventory:

Hand Weapons
 b - the +7 Screaming Sword (weapon) {vorpal, sonic wave}
   (You found it in the Dungeon)

   It inflicts extra damage upon your enemies.
Armour
 F - the +15 Maxwell's patent armour (worn) {-Cast -Tele rElec MR+ rCorr}
   (You found it in the Dungeon)

   It insulates you from electricity.
   It affects your resistance to hostile enchantments.
   It prevents spellcasting.
   It prevents most forms of teleportation.
   It provides partial protection from all sources of acid and corrosion.
 G - the +18 shield of the Gong (worn) {rElec rN+ MR+ EV-5}
   (You found it in the Dungeon)

   It affects your evasion (-5).
   It insulates you from electricity.
   It protects you from negative energy.
   It affects your resistance to hostile enchantments.
 H - a +1 hat (worn)
Jewellery
 u - an uncursed ring of flight
 v - a +6 ring of dexterity
 w - a +6 ring of dexterity
 x - a +6 ring of intelligence
 y - a +6 ring of intelligence
 z - a +6 ring of strength (right hand)
 A - a +6 ring of strength (left hand)
 J - an uncursed ring of magical power
 K - the ring "Vutesext" {rElec MR+ Stlth+}
   (You took it off a cherub in the Dungeon)

   [ring of protection from magic]

   It insulates you from electricity.
   It affects your resistance to hostile enchantments.
   It makes you more stealthy.
 L - an amulet of guardian spirit (around neck)
Wands
 C - a wand of disintegration (7)
 D - a wand of iceblast (7)
 E - a wand of acid (7)
Scrolls
 h - 4 scrolls of blinking
 l - 2 scrolls of brand weapon
 o - 4 scrolls of amnesia
 p - 7 scrolls of fog
 q - a scroll of holy word
 r - 5 scrolls of identify
 s - 5 scrolls of remove curse
 t - 2 scrolls of fear
Potions
 c - 11 potions of curing
 d - 6 potions of heal wounds
 e - 5 potions of haste
 f - 7 potions of magic
 g - 3 potions of berserk rage
 i - 2 potions of brilliance
 j - 2 potions of invisibility
 k - 4 potions of resistance
 m - 5 potions of stabbing
 n - 7 potions of might
Miscellaneous
 a - a condenser vane (2/2)
 B - a lightning rod (4/4)
 I - a phantom mirror


   Skills:
 + Level 18.7(18.5) Fighting
 * Level 26.2(26.0) Long Blades
 + Level 21.3(21.1) Armour
 + Level 21.4(21.3) Dodging
 - Level 2.4(2.3) Stealth
 - Level 15.0(14.8) Shields
 + Level 11.3(11.2) Evocations


You had 14 spell levels left.
You didn't know any spells.
Your spell library was empty.

Dungeon Overview and Level Annotations

Branches:
Dungeon (1/1)

Altars:
Ashenzari
Cheibriados
Dithmenos
Elyvilon
Fedhas
Gozag
Hepliaklqana
Kikubaaqudgha
Makhleb
Nemelex Xobeh
Okawaru
Qazlal
Ru
Sif Muna
Trog
Uskayaw
Vehumet
Wu Jian
Xom
Yredelemnul
Zin
The Shining One
Beogh
Jiyva
Lugonu


Innate Abilities, Weirdness & Mutations

You are resistant to damage.
You can heal yourself by infusing magical energy.
You resist negative energy. (rN+)
You passively map the area around you.
You do not regenerate.


Message History

The bolt of negative energy hits the ball lightning.
The ball lightning completely resists.
The bolt of negative energy hits Iguowk.
Iguowk completely resists.
The bolt of negative energy hits Qeoteq.
Qeoteq completely resists.
The bolt of negative energy hits you. You partially resist.
You feel drained.
The bolt of negative energy misses Wummus.
The demonic crawler is engulfed in freezing vapours.
Tuikom is engulfed in freezing vapours.
The monstrous black sun is engulfed in freezing vapours.
Xeowoen gestures.
Xeowoen seems to speed up.
The Tzitzimitl is engulfed in freezing vapours.
Ewadextu is engulfed in freezing vapours.
Virukadd blinks!
Exiewkoomn is engulfed in freezing vapours.
Exiewkoomn gestures at you. The bolt of cold hits you!!!
You die...

* , ,,3 ,,,,, ..}:|:)}):.
&=)44)3}r°..▓..[?)}})[). *,,
§&§4§§§§3§..▓....))[))[| ,
..&1s§&&2&R..▓..)...).)).
,,...4&661&§§R°.▓....).)))..
..3..&2&*s1.R.▓.....))().. *
,......*2&&1°°.▓.....))....
.......&4&&&&..▓.......)(..
.......*&&@&{..▓.........(.
,
,.......§.&....▓...▓......(
. ,▓.....*.▓....▓..▓▓▓.....▓
.. ▓▓.....▓▓▓...▓...▓...()..
...▓....&..▓....▓...........
*
................▓.......©...
................▓▓▓▓▓▓▓▓▓▓▓▓
.......©........▓ , , 8
*▓▓▓▓▓▓▓▓▓▓▓▓▓▓▓▓▓, , , , ,


You could see Ahicoidas, Bain, Daunwomp (misshapen), Ecior (misshapen),
Ewadextu, Exiewkoomn (clouds), Faom, Gyfeade, Iguowk, Meydd, Poushreo
(silencing, clouds), Qayhob, Qeoteq, Tuikom (misshapen), Virukadd, Wummus
(misshapen), Xaehate, Xeowoen (fast), Xul Vujoc, Ype Ros (misshapen), Yroucw,
Zuudwod, a Tzitzimitl (summoned), 2 Brimstone Fiends, 2 cacodemons, 2
demonspawn, an Executioner (fast), a blizzard demon, 3 rakshasas, 2 soul eaters,
2 demonic crawlers, a sun demon (summoned), an orange demon, 3 hellwings, a red
devil, a hell rat (summoned) and 4 ball lightnings.

Vanquished Creatures
  A pearl dragon (D)
  3 Orb Guardians (D)
  A deep elf blademaster (D)
  A titan (D)
  3 deep elf master archers (D)
  A death cob (D)
  4 storm dragons (D)
  2 shadow dragons (D)
  A deep elf sorcerer (D)
  An emperor scorpion (D)
  A frost giant (D)
  4 vampire knights (D)
  4 stone giants (D)
  4 entropy weavers (D)
  An ophan (D)
  3 very ugly things (D)
  4 green draconians (D)
  3 purple draconians (D)
  A black draconian (D)
  6 red draconians (D)
  A yellow draconian (D)
  3 merfolk javelineers (D)
  A yaktaur captain (D)
  2 deep elf high priests (D)
  A spriggan air mage (D)
  A hydra (D)
  2 centaur warriors (D)
  7 dancing weapons (D)
  A deep elf knight (D)
  A sea snake (shapeshifter) (D)
  A skeletal warrior (D)
  A spriggan druid (D)
  2 cherubim (D)
  5 deep elf archers (D)
  An orb spider (D)
  A necromancer (D)
  4 wolf spiders (D)
  A mana viper (shapeshifter) (D)
  10 deep elf magi (D)
  6 moths of wrath (D)
  A faun (shapeshifter) (D)
  An elephant (D)
  A manticore (shapeshifter) (D)
  A shining eye (D)
  An elephant (shapeshifter) (D)
  7 cyclopes (D)
  2 naga magi (D)
  2 black mambas (D)
  An eye of devastation (shapeshifter) (D)
  4 torpor snails (D)
  3 cane toads (D)
  A komodo dragon (D)
  3 demonic crawlers (D)
  3 yaktaurs (D)
  A troll (shapeshifter) (D)
  3 trolls (D)
  6 hornets (D)
  A meliai (shapeshifter) (D)
  A wind drake (shapeshifter) (D)
  11 jumping spiders (D)
  A wind drake (D)
  A hornet (shapeshifter) (D)
  A slime creature (shapeshifter) (D)
  A dream sheep (D)
  A blink frog (D)
  A spriggan (D)
  4 air elementals (D)
  3 snapping turtles (shapeshifter) (D)
  Sigmund (D)
  6 redbacks (D)
  4 tarantellas (D)
  3 shadows (D)
  A basilisk (D)
  3 vampires (D)
  A fire elemental (D)
  A basilisk (shapeshifter) (D)
  A swamp worm (shapeshifter) (D)
  2 nagas (D)
  Duvessa (D)
  8 water moccasins (D)
  2 floating eyes (D)
  2 eyes of draining (D)
  3 orc warriors (D)
  A black bear (D)
  A phantom (D)
  3 ogres (D)
  5 wolves (D)
  2 necrophages (D)
  3 centaurs (D)
  Blork the orc (D)
  2 bullfrogs (D)
  An earth elemental (D)
  Dowan (D)
  2 scorpions (D)
  2 wights (D)
  3 orc priests (D)
  2 orc wizards (D)
  Crazy Yiuf (D)
  Jessica (D)
  A hell rat (D)
  An adder (D)
  4 oozes (D)
  2 adder zombies (D)
  2 adder skeletons (D)
  A ball python skeleton (D)
  A ball python zombie (D)
  2 jackal skeletons (D)
  A jackal zombie (D)
  A quokka skeleton (D)
254 creatures vanquished.

Vanquished Creatures (others)
  A deep elf master archer (D)
  A balrug (D)
  A stone giant (D)
  A merfolk javelineer (D)
  3 spriggan air magi (D)
  A cyclops (D)
  A deep elf mage (D)
  2 yaktaurs (D)
  An insubstantial wisp (D)
  3 ball lightnings (D)
15 creatures vanquished.

Grand Total: 269 creatures vanquished

Notes
Turn   | Place    | Note
-------+----------+-------------------------------------------
     0 | D        | sahdkjhfkaj the Deep Dwarf Monk began the quest for the
                  | Orb.
     0 | D        | Reached XP level 1. HP: 20/20 MP: 1/1
     0 | D        | Found a shimmering blue altar of Sif Muna.
     0 | D        | Found a sacrificial altar of Ru.
     0 | D        | Found a bloodstained altar of Trog.
     0 | D        | Found a stormy altar of Qazlal.
     0 | D        | Found an iron altar of Okawaru.
     0 | D        | Found a sparkling altar of Nemelex Xobeh.
     0 | D        | Found a blossoming altar of Fedhas.
     1 | D        | Found the +6 Majin-Bo {vamp, MP+6 Int+6}
     1 | D        | Found the +9 heavy crossbow "Sniper" {vorpal, Acc+∞ SInv}
     1 | D        | Found the +10 dark maul {vorpal}
     1 | D        | Found the +15 Maxwell's patent armour {-Cast -Tele rElec
                  | MR+ rCorr}
     1 | D        | Found the +18 shield of the Gong {rElec rN+ MR+ EV-5}
     1 | D        | Found the cursed +14 obsidian axe {vorpal, +Fly SInv
                  | *Curse}
     1 | D        | Found the +7 great mace "Firestarter" {inner flame, rF++}
     1 | D        | Found the +6 shillelagh "Devastator" {shatter}
     1 | D        | Found the +11 plutonium sword {*Contam Stlth-}
     1 | D        | Found the +8 lance "Wyrmbane" {slay drac, rPois rF+ rC+
                  | AC+3}
     1 | D        | Found the +9 sword of Zonguldrok {reap}
     1 | D        | Found the cursed +13 scythe of Curses {drain, *Curse}
     1 | D        | Found the +0 sword of Power
     1 | D        | Found the +7 mace of Variability {chain chaos}
     1 | D        | Found the +7 Singing Sword {vorpal, sonic wave}
     1 | D        | Found the +8 storm bow {elec, penet}
     2 | D        | Found a transporter.
     2 | D        | Found an ancient bone altar of Kikubaaqudgha.
     2 | D        | Found a viscous altar of Jiyva.
     2 | D        | Found a corrupted altar of Lugonu.
     2 | D        | Found a hazy altar of Hepliaklqana.
     2 | D        | Found a burning altar of Makhleb.
     2 | D        | Found an opulent altar of Gozag.
    46 | D        | Became a worshipper of Makhleb the Destroyer
    46 | D        | Reached * piety under Makhleb
    46 | D        | Reached ** piety under Makhleb
    54 | D        | Reached skill level 4 in Long Blades
    54 | D        | Reached XP level 2. HP: 30/30 MP: 2/2
    61 | D        | Entered arena 2.
    61 | D        | Found a transporter.
    63 | D        | Reached skill level 5 in Long Blades
    63 | D        | Reached XP level 3. HP: 36/36 MP: 3/3
    64 | D        | Reached skill level 5 in Dodging
    64 | D        | Reached skill level 5 in Shields
    70 | D        | Entered arena 3.
    70 | D        | Noticed a scorpion
    70 | D        | Noticed a scorpion
    70 | D        | Noticed a jumping spider
    70 | D        | Found a transporter.
    72 | D        | Killed a jumping spider
    72 | D        | Reached skill level 5 in Fighting
    72 | D        | Reached skill level 7 in Long Blades
    72 | D        | Reached skill level 5 in Armour
    72 | D        | Reached XP level 4. HP: 46/46 MP: 4/4
    72 | D        | Reached XP level 5. HP: 52/52 MP: 5/5
    73 | D        | Reached *** piety under Makhleb
    73 | D        | Reached XP level 6. HP: 61/61 MP: 6/6
    76 | D        | Reached skill level 8 in Long Blades
    82 | D        | Entered arena 4.
    82 | D        | Noticed a floating eye
    82 | D        | Found a transporter.
    86 | D        | Killed a floating eye
    87 | D        | Reached **** piety under Makhleb
    88 | D        | Reached XP level 7. HP: 69/69 MP: 0/7
    93 | D        | Entered arena 5.
    93 | D        | Found a transporter.
    98 | D        | Reached skill level 9 in Long Blades
   109 | D        | Entered arena 6.
   109 | D        | Noticed a +1 flail of venom
   109 | D        | Noticed a +0 hand axe of freezing
   109 | D        | Noticed a +2 mace of holy wrath
   109 | D        | Noticed a deep elf mage
   109 | D        | Noticed a +2 long sword of holy wrath
   109 | D        | Found a transporter.
   114 | D        | Killed a +1 flail of venom
   114 | D        | Reached ***** piety under Makhleb
   114 | D        | Reached skill level 10 in Long Blades
   114 | D        | Reached XP level 8. HP: 72/80 MP: 2/8
   114 | D        | Killed a +0 hand axe of freezing
   114 | D        | Reached skill level 11 in Long Blades
   114 | D        | Gained mutation: You passively map the area around you.
                  | [Deep Dwarf growth]
   114 | D        | Reached XP level 9. HP: 78/87 MP: 2/9
   115 | D        | Noticed a hellwing
   116 | D        | Killed a +2 mace of holy wrath
   116 | D        | Killed a deep elf mage
   116 | D        | Reached skill level 12 in Long Blades
   116 | D        | Killed a +2 long sword of holy wrath
   116 | D        | Reached skill level 10 in Dodging
   276 | D        | Entered arena 7.
   276 | D        | Noticed Sigmund
   276 | D        | Noticed Jessica
   276 | D        | Noticed Blork the orc
   276 | D        | Noticed Crazy Yiuf
   276 | D        | Noticed Dowan
   276 | D        | Noticed Duvessa
   277 | D        | Found a transporter.
   280 | D        | Killed Jessica
   280 | D        | Killed Dowan
   283 | D        | Killed Blork the orc
   284 | D        | Killed Crazy Yiuf
   287 | D        | Killed Sigmund
   287 | D        | Reached XP level 10. HP: 98/98 MP: 10/10
   287 | D        | Killed Duvessa
   287 | D        | Reached ****** piety under Makhleb
   296 | D        | Entered arena 8.
   297 | D        | Found a transporter.
   305 | D        | Reached skill level 10 in Armour
   319 | D        | Entered arena 9.
   319 | D        | Noticed a naga mage
   319 | D        | Noticed a naga mage
   319 | D        | Noticed a black mamba
   320 | D        | Found a transporter.
   322 | D        | Killed a naga mage
   322 | D        | Reached skill level 13 in Long Blades
   322 | D        | Killed a naga mage
   322 | D        | Killed a black mamba
   333 | D        | Entered arena 10.
   333 | D        | Noticed a spriggan druid
   334 | D        | Found a transporter.
   344 | D        | Killed a spriggan druid
   359 | D        | Entered arena 11.
   360 | D        | Found the +4 dagger "Morg" {pain, MR+ Int+5}
   360 | D        | Found a transporter.
   366 | D        | Reached skill level 14 in Long Blades
   380 | D        | Entered arena 12.
   382 | D        | Found a transporter.
   383 | D        | Reached skill level 15 in Shields
   383 | D        | Reached skill level 10 in Fighting
   384 | D        | Reached XP level 11. HP: 108/108 MP: 11/11
   395 | D        | Entered arena 13.
   395 | D        | Noticed a stone giant
   395 | D        | Noticed a stone giant
   396 | D        | Noticed a frost giant
   397 | D        | Found a transporter.
   403 | D        | Killed a stone giant
   403 | D        | Reached skill level 15 in Long Blades
   405 | D        | Killed a stone giant
   408 | D        | Killed a frost giant
   408 | D        | Reached skill level 16 in Long Blades
   417 | D        | Entered arena 14.
   418 | D        | Noticed a pearl dragon
   418 | D        | Noticed an ophan
   418 | D        | Noticed a cherub
   419 | D        | Identified the ring "Vutesext" {rElec MR+ Stlth+}
   419 | D        | Noticed a cherub
   420 | D        | Found a transporter.
   429 | D        | Killed a pearl dragon
   429 | D        | Reached XP level 12. HP: 98/122 MP: 12/12
   431 | D        | Killed an ophan
   431 | D        | Reached skill level 17 in Long Blades
   539 | D        | Entered arena 15.
   540 | D        | Noticed a six-headed hydra
   542 | D        | Found the +3 giant club "Skullcrusher" {speed, Str+7}
   542 | D        | Found a transporter.
   549 | D        | Killed a ten-headed hydra
   710 | D        | Entered arena 16.
   711 | D        | Noticed a storm dragon
   711 | D        | Noticed a spriggan air mage
   711 | D        | Noticed a titan
   711 | D        | Noticed a storm dragon
   711 | D        | Noticed a spriggan air mage
   711 | D        | Noticed a spriggan air mage
   711 | D        | Noticed a storm dragon
   712 | D        | Noticed a storm dragon
   712 | D        | Noticed a spriggan air mage
   713 | D        | Found the +8 autumn katana {vorpal, Clar}
   713 | D        | Found a transporter.
   716 | D        | Killed a spriggan air mage
   716 | D        | Killed a spriggan air mage
   716 | D        | Killed a spriggan air mage
   718 | D        | Killed a spriggan air mage
   718 | D        | Reached skill level 18 in Long Blades
   721 | D        | Killed a storm dragon
   722 | D        | Killed a storm dragon
   722 | D        | Reached skill level 15 in Dodging
   724 | D        | Killed a titan
   725 | D        | Killed a storm dragon
   726 | D        | Killed a storm dragon
   726 | D        | Reached skill level 15 in Armour
   946 | D        | Entered arena 17.
   949 | D        | Noticed an entropy weaver
   951 | D        | Found a transporter.
   953 | D        | Reached skill level 19 in Long Blades
   953 | D        | Reached XP level 13. HP: 133/133 MP: 0/13
   960 | D        | Killed an entropy weaver
   970 | D        | Entered arena 18.
   973 | D        | Noticed a vampire knight
   973 | D        | Noticed a vampire knight
   973 | D        | Noticed a vampire knight
   974 | D        | Identified the ring of Xom's Sleight of Hands {rPois rF+
                  | rN+}
   974 | D        | Noticed a vampire knight
   974 | D        | Identified the ring "Jetequxe" {Fire rN+ MR- Slay+2}
   975 | D        | Found the +4 moon troll leather armour {Spirit, Regen++
                  | MP+5}
   975 | D        | Found a transporter.
   978 | D        | Killed a vampire knight
   979 | D        | Killed a vampire knight
   982 | D        | Killed a vampire knight
   982 | D        | Reached skill level 20 in Long Blades
   988 | D        | Killed a vampire knight
  1039 | D        | Entered arena 19.
  1042 | D        | Noticed a red very ugly thing
  1043 | D        | Noticed a brown very ugly thing
  1043 | D        | Noticed a purple very ugly thing
  1044 | D        | Found a transporter.
  1050 | D        | Killed a brown very ugly thing
  1051 | D        | Killed a red very ugly thing
  1051 | D        | Reached skill level 21 in Long Blades
  1052 | D        | Killed a purple very ugly thing
  1053 | D        | Reached skill level 15 in Fighting
  1062 | D        | Entered arena 20.
  1067 | D        | Noticed a green draconian
  1067 | D        | Noticed a green draconian
  1067 | D        | Noticed a red draconian
  1067 | D        | Noticed an Orb Guardian
  1067 | D        | Noticed a red draconian
  1067 | D        | Noticed a yellow draconian
  1067 | D        | Noticed a shadow dragon
  1067 | D        | Noticed a red draconian
  1067 | D        | Noticed an Orb Guardian
  1067 | D        | Noticed a purple draconian
  1067 | D        | Noticed an Orb Guardian
  1067 | D        | Noticed a red draconian
  1067 | D        | Noticed a black draconian
  1067 | D        | Noticed a green draconian
  1067 | D        | Noticed a shadow dragon
  1067 | D        | Noticed a green draconian
  1067 | D        | Noticed a purple draconian
  1068 | D        | Noticed a death cob
  1068 | D        | Noticed a purple draconian
  1068 | D        | Noticed a red draconian
  1068 | D        | Noticed a red draconian
  1069 | D        | Found a transporter.
  1073 | D        | Killed a death cob
  1073 | D        | Gained mutation: You resist negative energy. (rN+) [Deep
                  | Dwarf growth]
  1073 | D        | Reached XP level 14. HP: 126/147 MP: 0/14
  1075 | D        | Killed an Orb Guardian
  1079 | D        | Reached skill level 22 in Long Blades
  1079 | D        | Killed a shadow dragon
  1079 | D        | Killed an Orb Guardian
  1080 | D        | Killed a shadow dragon
  1080 | D        | Reached skill level 23 in Long Blades
  1081 | D        | Killed an Orb Guardian
  1153 | D        | Entered arena 21.
  1157 | D        | Noticed a deep elf master archer
  1157 | D        | Noticed a stone giant
  1158 | D        | Identified the ring of Feagroezil {*Drain rN++ AC+4}
  1158 | D        | Identified the +7 short sword of the Pariah {drain, +Rage
                  | MP+9 Str+4}
  1159 | D        | Noticed a stone giant
  1159 | D        | Noticed a stone giant
  1160 | D        | Found a transporter.
  1169 | D        | Killed a deep elf master archer
  1169 | D        | Reached skill level 24 in Long Blades
  1170 | D        | Reached XP level 15. HP: 145/160 MP: 0/15
  1259 | D        | Entered arena 22.
  1263 | D        | Noticed a deep elf sorcerer
  1263 | D        | Noticed a deep elf master archer
  1264 | D        | Noticed a deep elf blademaster
  1265 | D        | Found the +2 Maxwell's thermic engine {flame, freeze}
  1265 | D        | Noticed a deep elf master archer
  1265 | D        | Identified the +3 flail of the Sneaky Yaks {venom, rPois
                  | rC+ Str+4}
  1265 | D        | Identified the +2 demon blade of Ru's Fury {elec, rPois
                  | Str+3 SInv}
  1265 | D        | Identified the amulet "Voteuts" {RegenMP rF+}
  1265 | D        | Noticed a deep elf master archer
  1266 | D        | Found a transporter.
  1268 | D        | Reached skill level 1 in Evocations
  1269 | D        | Killed a deep elf sorcerer
  1270 | D        | Reached skill level 5 in Evocations
  1274 | D        | Reached skill level 25 in Long Blades
  1275 | D        | Killed a deep elf master archer
  1276 | D        | Killed a deep elf master archer
  1277 | D        | Killed a deep elf blademaster
  1279 | D        | Killed a deep elf master archer
  1352 | D        | Entered arena 23.
  1360 | D        | Found the +8 demon blade "Leech" {vamp, *Rage +Rage rN+}
  1362 | D        | Reached skill level 10 in Evocations
  1363 | D        | Reached skill level 26 in Long Blades
  1461 | D        | Found a transporter.
  1470 | D        | Entered arena 24.
  1476 | D        | Noticed Wummus the pandemonium lord
  1476 | D        | Noticed Exiewkoomn the pandemonium lord
  1476 | D        | Noticed Qeoteq the pandemonium lord
  1476 | D        | Noticed Vusyrauf the pandemonium lord
  1476 | D        | Noticed a Brimstone Fiend
  1476 | D        | Noticed Ecior the pandemonium lord
  1476 | D        | Noticed an Executioner
  1476 | D        | Noticed Ype Ros the pandemonium lord
  1477 | D        | Noticed a Brimstone Fiend
  1477 | D        | Noticed Iguowk the pandemonium lord
  1477 | D        | Noticed Gyfeade the pandemonium lord
  1477 | D        | Noticed Qayhob the pandemonium lord
  1477 | D        | Noticed Xul Vujoc the pandemonium lord
  1477 | D        | Noticed Faom the pandemonium lord
  1477 | D        | Noticed Virukadd the pandemonium lord
  1477 | D        | Noticed Tuikom the pandemonium lord
  1478 | D        | Noticed Daunwomp the pandemonium lord
  1479 | D        | Noticed Yroucw the pandemonium lord
  1480 | D        | Noticed Ewadextu the pandemonium lord
  1480 | D        | Noticed Xaehate the pandemonium lord
  1480 | D        | Noticed Poushreo the pandemonium lord
  1480 | D        | Noticed Bain the pandemonium lord
  1480 | D        | Noticed Meydd the pandemonium lord
  1482 | D        | Noticed Xeowoen the pandemonium lord
  1484 | D        | Noticed Zuudwod the pandemonium lord
  1484 | D        | Noticed Ahicoidas the pandemonium lord
  1486 | D        | Noticed a Tzitzimitl
  1487 | D        | Killed from afar by Exiewkoomn the pandemonium lord

Illustrated notes

Levels and vault maps discovered:
D:        sprint_v [room_start, room_1, room_2, room_3, room_4, room_5, room_6,
          room_7, room_8, room_9, room_10, room_11, room_12, room_13, room_14,
          room_15, room_16, room_17, room_18, room_19, room_20, room_21,
          room_22, room_23, room_24, room_25, room_26, room_27]

Skill      XL: |  1  2  3  4  5  6  7  8  9 10 11 12 13 14 15 |
---------------+----------------------------------------------+-----
Fighting       | 3 5 6 7 8 10 11 13 15 17 18 | 18.7
Long Blades    | 4 5 7 8 10 11 12 14 16 19 21 24 26 | 26.2
Armour         | 2 3 5 6 7 8 9 11 13 15 17 19 21 | 21.3
Dodging        | 4 6 7 8 9 10 11 13 15 17 19 21 | 21.4
Shields        | 4 7 8 9 11 13 15 | 15.0
Evocations     | 11 | 11.3
Stealth        | |  2.4

Action                   |  1- 3 |  4- 6 |  7- 9 | 10-12 | 13-15 || total
-------------------------+-------+-------+-------+-------+-------++-------
Melee: Double sword      |     3 |     8 |    23 |    78 |   100 ||   212
Evoke: Condenser vane    |       |       |       |     2 |     5 ||     7
  Use: Potion            |     1 |       |       |     6 |     2 ||     9
 Stab: Confused          |       |       |       |       |     2 ||     2
Armor: Plate armour      |       |     1 |    10 |    60 |    82 ||   153
Dodge: Dodged            |       |       |     4 |    58 |    61 ||   123
Block: Kite shield       |     4 |     8 |    38 |   160 |   190 ||   400
       Rpst.: Double sword |       |       |     1 |     7 |     5 ||    13

Table legend: (Time is in decaauts)
 A = Elapsed time spent in this place.
 B = Non-inter-level travel time spent in this place.
 C = Inter-level travel time spent in this place.
 D = Time resting spent in this place.
 E = Time spent auto-exploring this place.
 F = Levels seen in this place.
 G = Mean time per level.
                   A        B        C        D        E       F      G
               +--------+--------+--------+--------+--------+-----+--------+
         Total |   1446 |   1446 |      0 |    914 |     24 |   1 | 1446.0 |
       Dungeon |   1446 |   1446 |      0 |    914 |     24 |   1 | 1446.0 |
               +--------+--------+--------+--------+--------+-----+--------+

Top non-repeatable levels by time:
       D: 1446 daAuts
